 Dungeon Crawl Stone Soup version 0.21-a0-522-ga8338f0 (webtiles) character file.

65468 Gildeon the Severer (level 14, -8/121 HPs)
             Began as a Minotaur Fighter on Dec 5, 2017.
             Was the Champion of the Shining One.
             Mangled by a stone giant (28 damage)
             ... on level 1 of the Orcish Mines on Dec 6, 2017.
             The game lasted 02:11:40 (16952 turns).

Gildeon the Severer (Minotaur Fighter)             Turns: 16952, Time: 02:11:40

Health: -8/121     AC: 23    Str: 26    XL:     14   Next: 75%
Magic:  20/20      EV:  7    Int:  8    God:    the Shining One [******]
Gold:   2665       SH: 16    Dex: 11    Spells: 0/23 levels left

rFire    . . .     SeeInvis .   a - +4 broad axe (holy)
rCold    . . .     Gourm    .   B - +0 large shield
rNeg     + + +     Faith    .   t - +3 plate armour
rPois    .         Spirit   .   (helmet restricted)
rElec    .         Reflect  .   D - +0 cloak
rCorr    .         Harm     .   w - +0 pair of gloves {archery}
MR       +....     Rnd*Tele +   (no boots)
Stlth    ..........             I - amulet of regeneration
HPRegen  1.10/turn              r - +3 ring of protection
MPRegen  0.17/turn              y - +2 ring of strength

@: glowing
A: retaliatory headbutt, hooves 1, horns 2, regeneration 1, strong 1,
teleportitis 1, sturdy frame 1
a: Divine Shield, Cleansing Flame, Summon Divine Warrior, Renounce Religion


You were on level 1 of the Orcish Mines.
You worshipped the Shining One.
The Shining One was exalted by your worship.
You were not hungry.

You visited 3 branches of the dungeon, and saw 19 of its levels.
You also visited: Ice Cave.

You collected 2665 gold pieces.

Inventory:

Hand Weapons
 a - a +4 broad axe of holy wrath (weapon)
 b - the +7 spear "Beetleslayer" {holy, *Noise +Rage Str+3 Dex+4}
   (You found it on level 2 of the Lair of Beasts)

   It has been blessed by the Shining One to cause great damage to the undead
   and demons.
   It affects your strength (+3).
   It affects your dexterity (+4).
   It lets you go berserk.
   It may make noises in combat.
Missiles
 G - 4 tomahawks of returning (quivered)
 H - 5 tomahawks
Armour
 i - a scarf of cloud immunity
 s - a +2 shield of fire resistance
 t - a +3 plate armour (worn)
 w - a +0 pair of gloves of archery (worn)
 B - a +0 large shield (worn)
 D - a +0 cloak (worn)
Jewellery
 j - an uncursed ring of flight
 l - an uncursed ring of protection from fire
 r - a +3 ring of protection (left hand)
 v - the amulet of Newak {Spirit rPois rC+ MR- Int+3}
   (You found it on level 6 of the Lair of Beasts)

   [amulet of guardian spirit]

   It causes incoming damage to be split between your health and magic.
   It affects your intelligence (+3).
   It protects you from cold.
   It protects you from poison.
   It affects your resistance to hostile enchantments.
 y - a +2 ring of strength (right hand)
 I - an amulet of regeneration (around neck)
Wands
 c - a wand of digging (13)
Scrolls
 d - a scroll of identify
 m - 6 scrolls of teleportation
 u - 13 scrolls of remove curse
 x - a scroll of fog
 E - 3 scrolls of fear
Potions
 k - 2 potions of magic
 o - 3 potions of cancellation
 z - 2 potions of haste
Books
 g - a book of Debilitation

   Spells                             Type                      Level
   a - Corona                         Hexes                        1
   b - Slow                           Hexes                        2
   c - Inner Flame                    Hexes/Fire                   3
   d - Portal Projectile              Hexes/Translocation          3
   e - Cause Fear                     Hexes                        4
   f - Leda's Liquefaction            Hexes/Earth                  4
Comestibles
 f - 10 bread rations
 h - 7 royal jellies
 n - 8 meat rations
 q - 9 fruits


   Skills:
 - Level 10.3 Fighting
 - Level 18.0 Axes
 - Level 10.2 Throwing
 - Level 10.2 Armour
 + Level 6.8 Dodging
 - Level 6.1 Shields
 - Level 5.2 Spellcasting
 - Level 5.0 Conjurations
 - Level 5.4 Invocations
 - Level 5.1 Evocations


You couldn't memorise any spells.
You knew the following spells:

 Your Spells              Type           Power        Failure   Level  Hunger
a - Magic Dart            Conj           ##..         91%         1    #......
b - Throw Flame           Conj/Fire      #.....       100%        2    ##.....
c - Ignite Poison         Fire/Tmut/Pois #.......     100%        3    ###....
d - Iskenderun's Mystic   Conj           ##......     100%        4    #####..
e - Bolt of Magma         Conj/Fire/Erth #.........   100%        5    ######.
f - Venom Bolt            Conj/Pois      #.........   100%        5    ######.
g - Corona                Hex            #......      100%        1    #......
h - Slow                  Hex            #.......     100%        2    ##.....


Dungeon Overview and Level Annotations

Branches:
Dungeon (11/15)            Temple (0/1) D:7            Lair (6/6) D:11
  Swamp (0/4) Lair:2        Snake (0/4) Lair:3        Slime (0/5) Lair:6
    Orc (2/2) D:11            Elf (0/3) Orc:2

Altars:
Cheibriados
Dithmenos
Makhleb
Nemelex Xobeh
Okawaru
Ru
Vehumet
Wu Jian
Xom
Zin
The Shining One
Jiyva
Lugonu

Shops:
D:5 [   D:7 (   Orc:2 ([*


Innate Abilities, Weirdness & Mutations

You reflexively headbutt those who attack you in melee.
You have a pair of horns on your head.
You have large cloven feet.
Your natural rate of healing is unusually fast.
Your muscles are strong. (Str +2)
You are occasionally teleported next to monsters.
Your movements are slightly less encumbered by armour. (ER -2)


Message History

There is a stone staircase leading up, spattered with blood here.
You see here 2 large rocks.
You block the stone giant's attack.
You climb upwards.
There is a stone staircase leading down here.
You feel better. The stone giant barely misses you.
You slice the stone giant!!
You headbutt the stone giant, but do no damage.
The stone giant is moderately wounded.
You block the stone giant's attack.
You slash the stone giant!
The stone giant is heavily wounded.
The stone giant closely misses you. You furiously retaliate!
You headbutt the stone giant.
You hit the stone giant but do no damage.
You kick the stone giant, but do no damage.
You headbutt the stone giant, but do no damage.
The stone giant is heavily wounded.
The stone giant hits you!!
You die...

### ##.......#......[[[[
##.###..............#.)[#
###.....................[))
##...................#......
#.....#....................#
##..#.#.............#........
#...##...............##......
##.##...............###......
#..........C@......###.......
##.#..............#####......
#...#.......##.....#.#.......
##>.#.#...............#.#....
#.................#.###.....
##.................## ##.##.
###.......#......## #####
#...............#
##.#.#.......#.##


You could see a stone giant.

Vanquished Creatures
  An acid blob (Lair:6)
  Nessos (Lair:5)
  4 dire elephants (Lair:6)
  The ghost of Roxy the Scorcher, a journeyman DEFE of Vehumet (Lair:5)
  3 ettins
  Snorg (Lair:3)
  A minotaur (IceCv)
  3 hydras
  A catoblepas (Lair:4)
  A great orb of eyes (IceCv)
  An anaconda (Lair:6)
  4 two-headed ogres
  4 death yaks
  An orc high priest (Orc:2)
  The ghost of Armakuni the Carver, a novice HuAs of Elyvilon (D:7)
  3 orc knights
  4 orc sorcerers
  A manticore (D:11)
  3 ugly things (D:8)
  Maurice (D:9)
  4 elephants (Lair:6)
  4 cyclopes
  Psyche (D:10)
  2 ice statues (IceCv)
  4 black mambas
  A torpor snail (Lair:2)
  A gargoyle (D:11)
  13 spiny frogs
  7 komodo dragons
  4 rime drakes
  2 ice devils (Lair:1)
  A troll (D:11)
  A merfolk (D:11)
  11 blink frogs
  6 hippogriffs
  A spriggan (Lair:2)
  A wyvern (Lair:6)
  47 yaks
  A golden eye (Lair:2)
  A hungry ghost (D:7)
  A warg (Orc:2)
  15 water moccasins
  3 nagas (Lair:3)
  11 porcupines
  2 sky beasts
  16 ice beasts
  20 orc warriors
  3 phantoms
  2 black bears
  A tengu (Lair:1)
  9 wolves
  10 ogres
  An eye of draining (D:10)
  7 centaurs
  14 crocodiles
  Blork the orc (D:5)
  18 bullfrogs
  9 small abominations (D:8)
  2 gnoll sergeants
  A wyvern zombie (D:6)
  A wyvern skeleton (D:11)
  A scorpion (Lair:3)
  8 killer bees (D:8)
  9 wights
  A howler monkey (D:7)
  2 crimson imps
  2 bullfrog zombies
  4 jellies
  A quasit (D:8)
  8 hounds
  26 orc wizards
  20 orc priests
  2 iguanas (Lair:2)
  Ijyb (D:5)
  A gnoll shaman (D:4)
  6 hell rats (Lair:2)
  7 worker ants
  2 hound zombies (D:7)
  2 hound skeletons
  2 worker ant zombies
  A howler monkey skeleton (D:6)
  16 gnolls
  12 adders
  A river rat (D:11)
  2 shadow imps
  5 oozes
  An adder skeleton (D:8)
  4 worms
  A dart slug (D:1)
  8 leopard geckos
  93 orcs
  5 bats
  6 giant cockroaches
  11 goblins
  15 hobgoblins
  4 jackals (D:3)
  A quokka (D:2)
  4 frilled lizards
  A jackal zombie (D:6)
  8 kobolds
  A leopard gecko zombie (D:5)
  2 quokka skeletons (D:5)
  15 rats
  5 fungi
  5 plants
632 creatures vanquished.

Vanquished Creatures (collateral kills)
  A centaur (D:5)
  An orc wizard (D:5)
2 creatures vanquished.

Vanquished Creatures (others)
  2 gnolls (D:5)
  An orc (Orc:1)
  5 fungi (Lair:6)
8 creatures vanquished.

Grand Total: 642 creatures vanquished

Notes
Turn   | Place    | Note
-------+----------+-------------------------------------------
     0 | D:1      | Gildeon the Minotaur Fighter began the quest for the Orb.
     0 | D:1      | Reached XP level 1. HP: 19/19 MP: 0/0
    52 | D:1      | Reached skill level 3 in Axes
   201 | D:1      | Reached XP level 2. HP: 26/26 MP: 1/1
   548 | D:1      | Reached skill level 4 in Axes
   653 | D:1      | Reached XP level 3. HP: 31/31 MP: 2/2
   703 | D:1      | Gained mutation: Your movements are slightly less encumbered by armour. (ER -2) [potion of mutation]
   703 | D:1      | Gained mutation: You are somewhat resistant to further mutation. [potion of mutation]
   704 | D:1      | Lost mutation: You are somewhat resistant to further mutation. [potion of mutation]
   704 | D:1      | Lost mutation: Your movements are slightly less encumbered by armour. (ER -2) [potion of mutation]
   704 | D:1      | Gained mutation: You are dopey. (Int -2) [potion of mutation]
   704 | D:1      | Gained mutation: Your natural rate of healing is unusually fast. [potion of mutation]
   704 | D:1      | Gained mutation: Your muscles are strong. (Str +2) [potion of mutation]
   870 | D:2      | Reached skill level 5 in Axes
   872 | D:2      | Found a faded altar of an unknown god.
   938 | D:2      | Reached XP level 4. HP: 39/39 MP: 3/3
  1212 | D:2      | Became a worshipper of the Shining One
  1212 | D:2      | Reached * piety under the Shining One
  1276 | D:3      | Reached skill level 6 in Axes
  1281 | D:3      | Reached XP level 5. HP: 39/45 MP: 4/4
  1682 | D:3      | Reached skill level 7 in Axes
  1848 | D:3      | Reached XP level 6. HP: 38/51 MP: 5/5
  1932 | D:3      | Reached skill level 8 in Axes
  2045 | D:3      | Reached ** piety under the Shining One
  2236 | D:4      | Found a sparkling altar of Nemelex Xobeh.
  2257 | D:4      | Reached skill level 9 in Axes
  2257 | D:4      | Reached XP level 7. HP: 47/57 MP: 6/6
  2498 | D:4      | Found a radiant altar of Vehumet.
  2926 | D:4      | Found a glowing silver altar of Zin.
  3129 | D:5      | Entered Level 5 of the Dungeon
  3153 | D:5      | Reached skill level 10 in Axes
  3219 | D:5      | Found Wizxoliph's Armour Boutique.
  3247 | D:5      | Reached skill level 11 in Axes
  3247 | D:5      | Reached XP level 8. HP: 46/64 MP: 7/7
  3307 | D:5      | Noticed Blork the orc
  3315 | D:5      | Noticed Ijyb
  3318 | D:5      | Killed Blork the orc
  3323 | D:5      | Killed Ijyb
  3593 | D:5      | Reached skill level 12 in Axes
  3670 | D:5      | Found a sacrificial altar of Ru.
  3978 | D:6      | Reached *** piety under the Shining One
  4059 | D:6      | Reached skill level 13 in Axes
  4281 | D:5      | Found a radiant altar of Vehumet.
  4513 | D:7      | Reached XP level 9. HP: 70/70 MP: 8/8
  4529 | D:7      | Found a staircase to the Ecumenical Temple.
  4561 | D:7      | Noticed Armakuni's ghost (novice HuAs)
  4576 | D:7      | Reached skill level 14 in Axes
  4582 | D:7      | Killed Armakuni's ghost
  4627 | D:7      | Reached skill level 15 in Axes
  4658 | D:7      | Found an iron altar of Okawaru.
  4688 | D:7      | Found Pouph's Weapon Emporium.
  4871 | D:7      | Found a shadowy altar of Dithmenos.
  4941 | D:8      | Reached **** piety under the Shining One
  4945 | D:8      | Lost mutation: You are dopey. (Int -2) [mutagenic meat]
  4968 | D:8      | Noticed a two-headed ogre
  4975 | D:8      | Killed a two-headed ogre
  4975 | D:8      | Reached skill level 16 in Axes
  4975 | D:8      | Reached XP level 10. HP: 57/77 MP: 9/9
  5008 | D:8      | Found a transporter.
  5014 | D:8      | Found a corrupted altar of Lugonu.
  5854 | D:8      | Reached skill level 17 in Axes
  5867 | D:8      | Noticed a white ugly thing
  5872 | D:8      | Noticed a green ugly thing
  5874 | D:8      | Killed a white ugly thing
  5879 | D:8      | Noticed a brown ugly thing
  5881 | D:8      | Killed a green ugly thing
  5891 | D:8      | Reached skill level 18 in Axes
  5901 | D:8      | Killed a brown ugly thing
  5901 | D:8      | Reached skill level 5 in Fighting
  5932 | D:8      | Gained mutation: You have large cloven feet. [mutagenic meat]
  5933 | D:8      | Gained mutation: You are occasionally teleported next to monsters. [mutagenic meat]
  5934 | D:8      | Lost mutation: Your natural rate of healing is unusually fast. [mutagenic meat]
  5937 | D:8      | Found a transporter.
  5946 | D:8      | Identified the Grimoire of Noxious Battle Magic
  6045 | D:8      | Learned a level 1 spell: Magic Dart
  6048 | D:8      | Learned a level 2 spell: Throw Flame
  6052 | D:8      | Learned a level 3 spell: Ignite Poison
  6114 | D:9      | Found a snail-covered altar of Cheibriados.
  6137 | D:9      | Noticed Maurice
  6146 | D:9      | Reached ***** piety under the Shining One
  6149 | D:9      | Reached skill level 1 in Throwing
  6153 | D:9      | Gained mutation: Your movements are slightly less encumbered by armour. (ER -2) [mutagenic meat]
  6154 | D:9      | Gained mutation: Your natural rate of healing is unusually fast. [mutagenic meat]
  6212 | D:9      | Killed Maurice
  6348 | D:9      | Reached XP level 11. HP: 86/86 MP: 10/10
  6428 | D:9      | Found an ornate altar of the Wu Jian Council.
  6735 | D:9      | Found a shimmering altar of Xom.
  6883 | D:10     | Entered Level 10 of the Dungeon
  6890 | D:10     | Learned a level 4 spell: Iskenderun's Mystic Blast
  6975 | D:10     | Noticed Psyche
  6980 | D:10     | Killed Psyche
  6980 | D:10     | Reached skill level 5 in Throwing
  7809 | D:11     | Reached skill level 5 in Armour
  7899 | D:11     | Noticed a two-headed ogre
  7907 | D:11     | Killed a two-headed ogre
  8001 | D:11     | Found a staircase to the Orcish Mines.
  8059 | D:11     | Noticed a death yak
  8060 | D:11     | Noticed a death yak
  8061 | D:11     | Noticed a death yak
  8082 | D:11     | Killed a death yak
  8082 | D:11     | Reached skill level 5 in Dodging
  8087 | D:11     | Killed a death yak
  8087 | D:11     | Reached skill level 5 in Shields
  8097 | D:11     | Killed a death yak
  8117 | D:11     | Found a staircase to the Lair.
  8128 | D:11     | Noticed a two-headed ogre
  8129 | D:11     | Reached skill level 1 in Evocations
  8142 | D:11     | Killed a two-headed ogre
  8218 | D:11     | Found a labyrinth entrance.
  8818 | Lair:1   | Entered Level 1 of the Lair of Beasts
  8824 | Lair:1   | Reached XP level 12. HP: 88/94 MP: 12/14
  8889 | Lair:1   | Found a frozen archway.
  8898 | Lair:1   | Reached skill level 5 in Evocations
  8905 | IceCv    | Entered an ice cave
  8912 | IceCv    | Reached skill level 1 in Invocations
  9251 | IceCv    | Noticed an ice dragon
  9252 | IceCv    | Noticed an ice dragon
  9252 | IceCv    | Noticed a minotaur
  9252 | IceCv    | an ice dragon changed into a minotaur
  9253 | IceCv    | Noticed a great orb of eyes
  9253 | IceCv    | an ice dragon changed into a great orb of eyes
  9259 | IceCv    | Killed a minotaur
  9259 | IceCv    | Reached skill level 5 in Invocations
  9262 | IceCv    | Killed a great orb of eyes
  9262 | IceCv    | Reached skill level 1 in Spellcasting
  9866 | Lair:1   | Learned a level 5 spell: Bolt of Magma
 10378 | Lair:2   | Noticed a death yak
 10383 | Lair:2   | Killed a death yak
 10383 | Lair:2   | Reached skill level 5 in Spellcasting
 10420 | Lair:2   | Reached skill level 1 in Conjurations
 10542 | Lair:2   | Reached XP level 13. HP: 90/100 MP: 19/19
 10550 | Lair:2   | Learned a level 5 spell: Venom Bolt
 10665 | Lair:2   | Found a staircase to the Swamp.
 10691 | Lair:2   | Got a smoking spear
 10692 | Lair:2   | Identified the +7 spear "Beetleslayer" {holy, *Noise +Rage Str+3 Dex+4} (You found it on level 2 of the Lair of Beasts)
 11592 | Lair:3   | Noticed Snorg
 11600 | Lair:3   | Killed Snorg
 11671 | Lair:3   | Reached skill level 5 in Conjurations
 11899 | Lair:3   | Identified a scroll of acquirement
 12079 | Lair:3   | Found a staircase to the Snake Pit.
 12081 | Lair:3   | Reached ****** piety under the Shining One
 13499 | Lair:5   | Identified a +4 broad axe of holy wrath (a +2 broad axe of chopping blessed by the Shining One)
 13499 | Lair:5   | Received a gift from the Shining One
 13592 | Lair:5   | Noticed Nessos
 13602 | Lair:5   | Noticed Roxy's ghost (journeyman DEFE)
 13615 | Lair:5   | Killed Roxy's ghost
 13615 | Lair:5   | Reached skill level 10 in Fighting
 13620 | Lair:5   | Killed Nessos
 14168 | Lair:6   | Entered Level 6 of the Lair of Beasts
 14168 | Lair:6   | Found a runed door.
 14168 | Lair:6   | Found a viscous altar of Jiyva.
 14168 | Lair:6   | Found a staircase to the Slime Pits.
 14169 | Lair:6   | Noticed an acid blob
 14177 | Lair:6   | HP: 5/113 [acid (7)]
 14184 | Lair:6   | Killed an acid blob
 14491 | Lair:6   | Reached XP level 14. HP: 121/121 MP: 20/20
 15426 | Lair:6   | Reached skill level 10 in Throwing
 15532 | Lair:6   | Got a serpentine copper amulet
 15534 | Lair:6   | Identified the amulet of Newak {Spirit rPois rC+ MR- Int+3} (You found it on level 6 of the Lair of Beasts)
 15865 | Orc:1    | Entered Level 1 of the Orcish Mines
 16143 | Orc:2    | Entered Level 2 of the Orcish Mines
 16143 | Orc:2    | Found Tiym's General Store.
 16390 | Orc:1    | Upgraded the game from 0.21-a0-521-g1cd18d1 to 0.21-a0-522-ga8338f0
 16437 | Orc:2    | Learned a level 1 spell: Corona
 16440 | Orc:2    | Learned a level 2 spell: Slow
 16499 | Orc:2    | Found a staircase to the Elven Halls.
 16514 | Orc:2    | Found a burning altar of Makhleb.
 16675 | Orc:2    | Reached skill level 10 in Armour
 16701 | Orc:2    | Found Tiumaumi's Antique Armour Shoppe.
 16934 | Orc:2    | Found Vuirgh's Antique Weapon Boutique.
 16934 | Orc:2    | Noticed a stone giant
 16946 | Orc:2    | HP: 3/121 [cyclops/large rock (7)]
 16952 | Orc:1    | Mangled by a stone giant

Vault maps used:
D:1:      kennysheep_arrival_forest, hangedman_decor_push, columned_hall_lemuel
D:2:      chequers_ecumenical_altar_island
D:3:      minmay_ogre_servants
D:4:      overflow_temple_1_default, kennysheep_little_box,
          lemuel_crystal_altar, first_bread, serial_park_tiny_pond
D:5:      lemuel_upstairs_altar, lemuel_coloured_pillars_altar, serial_shops,
          shop, uniq_ijyb, uniq_blork_the_orc
D:7:      grunt_dithmenos_shadows, okawaru_ov_weapons_minmay,
          minmay_temple_entry_steel_oval, serial_shops, shop_fountains
D:8:      gammafunk_corrupted_shrine
D:9:      nicolae_overflow_crystal_walls, lemuel_doored_altar,
          marbit_many_paths, uniq_maurice
D:10:     uniq_urug, uniq_psyche
D:11:     dpeg_lair_monsters, orc_0_dummy, lab_entry_generic,
          hangedman_fish_farm, grunt_decor_arrowhead
Lair:1:   portal_ice_cave_demonic_guard
Lair:2:   minmay_swamp_entry_reptiles, serial_bayou_ford_a, minivault_11,
          grunt_megastairs_1, serial_bayou_shore_b
Lair:3:   minmay_snake_entry_guardpost_small, nicolae_lair_grove_arrangements,
          uniq_snorg
Lair:4:   serial_bayou_crossing, grunt_megastairs_3
Lair:5:   infiniplex_staircase_pool_2, uniq_nessos
Lair:6:   due_jungle_book, slime_altar_2, grunt_megastairs_2
Orc:2:    grunt_orc_gardens, grunt_orc_garden, grunt_orc_garden,
          grunt_orc_garden, grunt_orc_garden, basic_altar
IceCv:    ice_cave_small_dragons

Skill      XL: |  1  2  3  4  5  6  7  8  9 10 11 12 13 14 |
---------------+-------------------------------------------+-----
Axes           | 3 4 5 6 7 9 11 13 16 18 | 18.0
Fighting       | 5 10 | 10.3
Throwing       | 3 5 7 10 | 10.2
Armour         | 5 10 | 10.2
Dodging        | 5 6 |  6.8
Shields        | 6 |  6.1
Evocations     | 4 5 |  5.1
Invocations    | 5 |  5.4
Spellcasting   | 5 |  5.2
Conjurations   | 2 5 |  5.0

Action                   |  1- 3 |  4- 6 |  7- 9 | 10-12 | 13-15 || total
-------------------------+-------+-------+-------+-------+-------++-------
Melee: War axe           |    90 |   125 |    94 |       |       ||   309
       Headbutt          |     8 |    15 |    17 |   101 |   145 ||   286
       Broad axe         |       |       |    64 |   473 |   552 ||  1089
       Kick              |       |       |       |   134 |   218 ||   352
       Spear             |       |       |       |       |    27 ||    27
Throw: Throwing net      |       |       |       |     1 |       ||     1
       Tomahawk          |       |       |       |       |    14 ||    14
Invok: Brand Weapon With |       |       |       |       |     1 ||     1
Evoke: Wand              |       |       |    52 |    47 |    64 ||   163
  Use: Scroll            |     6 |     4 |    12 |    14 |     9 ||    45
       Potion            |     2 |     1 |     1 |     6 |    12 ||    22
  Eat: Chunk             |       |     1 |     1 |     6 |       ||     8
       Bread ration      |       |     1 |       |     4 |     5 ||    10
       Meat ration       |       |       |     2 |       |       ||     2
Armor: Scale mail        |    34 |    32 |     4 |       |       ||    70
       Chain mail        |       |       |    55 |    13 |       ||    68
       Plate armour      |       |       |       |   121 |   206 ||   327
       Skin              |       |       |       |     1 |       ||     1
Dodge: Dodged            |    36 |    19 |    18 |    96 |    81 ||   250
Block: Shield            |    52 |    55 |    65 |   200 |    83 ||   455
       Large shield      |       |       |       |       |   290 ||   290

Table legend:
 A = Spawn XP
 B = Non-spawn XP
 C = Spawn XP percentage of total XP
 D = Spawn monster count
 E = Non-spawn monster count
 F = Spawn count percentage of total count
 G = Total turns spent on level
                    A         B        C        D         E        F      G
               +---------+---------+-------+---------+---------+-------+---------
         Total |       0 |   93526 |   0.0 |       0 |     624 |   0.0 | 16952
               +---------+---------+-------+---------+---------+-------+---------
           D:1 |       0 |      43 |   0.0 |       0 |      17 |   0.0 |   725
           D:2 |       0 |      80 |   0.0 |       0 |      27 |   0.0 |   512
           D:3 |       0 |     435 |   0.0 |       0 |      56 |   0.0 |   999
           D:4 |       0 |     358 |   0.0 |       0 |      15 |   0.0 |   893
           D:5 |       0 |    1043 |   0.0 |       0 |      26 |   0.0 |   769
           D:6 |       0 |     585 |   0.0 |       0 |      27 |   0.0 |   601
           D:7 |       0 |    1836 |   0.0 |       0 |      21 |   0.0 |   406
           D:8 |       0 |    5526 |   0.0 |       0 |      55 |   0.0 |  1181
           D:9 |       0 |    2309 |   0.0 |       0 |      21 |   0.0 |   797
          D:10 |       0 |    1224 |   0.0 |       0 |      13 |   0.0 |   921
          D:11 |       0 |    8181 |   0.0 |       0 |      46 |   0.0 |  1034
        Lair:1 |       0 |    4860 |   0.0 |       0 |      22 |   0.0 |   823
        Lair:2 |       0 |   10399 |   0.0 |       0 |      43 |   0.0 |  1222
        Lair:3 |       0 |    6676 |   0.0 |       0 |      31 |   0.0 |  1149
        Lair:4 |       0 |    3204 |   0.0 |       0 |      13 |   0.0 |   918
        Lair:5 |       0 |    6074 |   0.0 |       0 |      20 |   0.0 |   803
        Lair:6 |       0 |   19992 |   0.0 |       0 |      51 |   0.0 |  1529
         Orc:1 |       0 |    6263 |   0.0 |       0 |      42 |   0.0 |   683
         Orc:2 |       0 |    9118 |   0.0 |       0 |      58 |   0.0 |   404
         IceCv |       0 |    5320 |   0.0 |       0 |      20 |   0.0 |   583
               +---------+---------+-------+---------+---------+-------+---------
